 Dungeon Crawl Stone Soup version 0.26-a0-651-gb41185065b (webtiles) character file.

Game seed: 12218277499303596397

1025 Irenicus the Geomancer (level 8, -1/62 HPs)
             Began as a Deep Dwarf Earth Elementalist on Oct 6, 2020.
             Was an Initiate of Makhleb.
             Shot with a sling bullet by Joseph (10 damage)
             ... on level 7 of the Dungeon.
             The game lasted 00:22:34 (3288 turns).

Irenicus the Geomancer (DDEE)                       Turns: 3288, Time: 00:22:34

Health: -1/62      AC:  8    Str: 11    XL:     8   Next: 2%
Magic:  11/11      EV: 11    Int: 19    God:    Makhleb [......]
Gold:   207        SH:  5    Dex: 13    Spells: 5/11 levels left

rFire    . . .     SeeInvis .   i - +2 dagger (venom)
rCold    . . .     Faith    .   (no shield)
rNeg     . . .     Spirit   .   q - +0 ring mail
rPois    .         Reflect  +   (helmet restricted)
rElec    .         Harm     .   r - +1 cloak
rCorr    +         Rampage  .   (no gloves)
MR       +....                  w - +0 pair of boots
Stlth    +.........             b - amulet of reflection
HPRegen  0.00/turn              e - ring of resist corrosion
MPRegen  0.12/turn              (no ring)

@: non-regenerating
A: damage resistance, heal wounds, antennae 1, hooves 1, blurry vision 1, sense
surroundings 1, no regeneration
a: Heal Wounds, Renounce Religion


You were on level 7 of the Dungeon.
You worshipped Makhleb.
Makhleb was noncommittal.
You visited 2 branches of the dungeon, and saw 8 of its levels.

You collected 207 gold pieces.

Inventory:

Hand Weapons
 i - a +2 dagger of venom (weapon)
   (You took it off a kobold on level 1 of the Dungeon)
 t - a +2 dagger of electrocution
   (You took it off an orc wizard on level 5 of the Dungeon)
Missiles
 p - 155 stones (quivered)
Armour
 q - a +0 ring mail (worn)
   (You found it on level 4 of the Dungeon)
 r - a +1 cloak (worn)
   (You took it off Crazy Yiuf on level 2 of the Dungeon)
 s - a cursed +0 helmet
   (You took it off Robin on level 3 of the Dungeon)
 w - a +0 pair of boots (worn)
   (You found it on level 4 of the Dungeon)
Jewellery
 b - an amulet of reflection (around neck)
   (You found it on level 2 of the Dungeon)
 e - a ring of resist corrosion (left hand)
   (You found it on level 1 of the Dungeon)
Wands
 a - a wand of iceblast (5)
   (You found it on level 5 of the Dungeon)
 v - a wand of polymorph (4)
   (You found it on level 6 of the Dungeon)
Scrolls
 c - a scroll of enchant weapon {unknown}
 f - 3 scrolls of blinking {unknown}
 h - 2 scrolls of fear
 k - 5 scrolls of remove curse
 l - 3 scrolls of identify
 n - 3 scrolls of teleportation
 y - 2 scrolls of enchant armour {unknown}
 A - a scroll of fog
Potions
 d - a potion of cancellation
 g - a potion of might
 j - 2 potions of mutation {!q}
 m - 2 potions of brilliance
 o - a potion of heal wounds {unknown}
 u - a potion of berserk rage {unknown}
 x - a potion of curing
 z - a potion of stabbing {unknown}


   Skills:
 - Level 2.1 Dodging
 - Level 2.4 Stealth
 - Level 2.3 Spellcasting
 - Level 0.8 Transmutations
 + Level 12.2 Earth Magic


You had 5 spell levels left.
You knew the following spells:

 Your Spells              Type           Power        Failure   Level
a - Sandblast             Erth           #####.       1%          1
w - Passwall              Tmut/Erth      ####....     4%          2
x - Stone Arrow           Conj/Erth      ####..       10%         3

Your spell library contained the following spells:

 Spells                   Type           Power        Failure   Level
 Lee's Rapid Deconstruct  Erth           #####.....   8%          5
 Petrify                  Tmut/Erth      ####....     26%         4


Dungeon Overview and Level Annotations

Branches:
Dungeon (7/15)             Temple (1/1) D:6

Altars:
Elyvilon
Fedhas
Gozag
Kikubaaqudgha
Makhleb
Nemelex Xobeh
Qazlal
Sif Muna

Annotations:
D:5 Edmund
D:7 Joseph


Innate Abilities, Weirdness & Mutations

You are resistant to damage.
You can heal yourself by infusing magical energy.
You passively map a small area around you.
You do not regenerate.
You have a pair of small antennae on your head.
You have large cloven feet.
Scrolls take you a little longer to read.


Message History

Makhleb accepts your kill.
Your Earth Magic skill increases to level 12!
p - 162 stones You now have 7/10 mp.
Casting: Sandblast (safe; 1% risk of failure)
Confirm with . or Enter, or press ? or * to list all spells.
Aiming: Sandblast (safe; 1% risk of failure)
Press: ? - help, Shift-Dir - straight line, f - kobold zombie
Aim: a kobold zombie The blast of sand hits the kobold zombie!!
You destroy the kobold zombie!
Makhleb accepts your kill.
p - 161 stones You now have 6/10 mp.
Casting: Sandblast (safe; 1% risk of failure)
Confirm with . or Enter, or press ? or * to list all spells.
Aiming: Sandblast (safe; 1% risk of failure)
Press: ? - help, Shift-Dir - straight line, f - hobgoblin zombie
Aim: a hobgoblin zombie The blast of sand hits the hobgoblin zombie!!
You destroy the hobgoblin zombie!
Makhleb accepts your kill.
p - 160 stones You now have 5/10 mp.
Casting: Sandblast (safe; 1% risk of failure)
Confirm with . or Enter, or press ? or * to list all spells.
Aiming: Sandblast (safe; 1% risk of failure)
Press: ? - help, Shift-Dir - straight line, f - hobgoblin zombie
Aim: a hobgoblin zombie The blast of sand hits the hobgoblin zombie!!
You destroy the hobgoblin zombie!
Makhleb accepts your kill.
p - 159 stones
Casting: Sandblast (safe; 1% risk of failure)
Confirm with . or Enter, or press ? or * to list all spells.
Aiming: Sandblast (safe; 1% risk of failure)
Press: ? - help, Shift-Dir - straight line, f - orc zombie
Aim: an orc zombie The blast of sand hits the orc zombie!!
You destroy the orc zombie!
Makhleb accepts your kill.
p - 158 stones You now have 4/10 mp.
Casting: Sandblast (safe; 1% risk of failure)
Confirm with . or Enter, or press ? or * to list all spells.
Aiming: Sandblast (safe; 1% risk of failure)
Press: ? - help, Shift-Dir - straight line, f - mummy
Aim: a mummy The blast of sand hits the mummy!!
The mummy is almost destroyed.
p - 157 stones You now have 3/10 mp.
Casting: Sandblast (safe; 1% risk of failure)
Confirm with . or Enter, or press ? or * to list all spells.
Aiming: Sandblast (safe; 1% risk of failure)
Press: ? - help, Shift-Dir - straight line, f/p - mummy
Aim: a mummy (almost destroyed)
The blast of sand hits the mummy!!
You destroy the mummy!
Makhleb accepts your kill.
p - 156 stones You now have 2/10 mp.
The howler monkey howls!
Casting: Sandblast (safe; 1% risk of failure)
Confirm with . or Enter, or press ? or * to list all spells.
Aiming: Sandblast (safe; 1% risk of failure)
Press: ? - help, Shift-Dir - straight line, f - howler monkey
Aim: a howler monkey The blast of sand hits the howler monkey!!
You kill the howler monkey!
Makhleb accepts your kill.
You have reached level 8!
You feel clever.
p - 155 stones You now have 2/11 mp.
y - 2 scrolls labeled SOIXIU XALEN (gained 1)
A - a scroll of fog You open the door.
There is an open door here.
You open the door.
Found a stone staircase leading down.
You open the door.
There is an open door here.
MP restored: 11
Found an escape hatch in the floor.
There is an escape hatch in the floor here.
Found a stone staircase leading up.
There is a stone staircase leading up here.
Casting: Sandblast (safe; 1% risk of failure)
Confirm with . or Enter, or press ? or * to list all spells.
Press: ? - help, Dir - move target cursor A rock wall.
You begin to meditate on the wall.
You continue meditating on the rock. x2
You finish merging with the rock.
Found a stone staircase leading down.
You now have 9/11 mp.
Joseph, a Mercenary comes into view.
He is wielding a +0 quarterstaff.
Joseph shouts!
Joseph unwields a +0 quarterstaff.
Joseph wields a +0 hunting sling.
Joseph shoots a sling bullet.
The sling bullet hits you!
You die...

, *##.,.#..#
.. ,... * **..
... * ,
**.,... #.#.#*
* , ,
#.#.####.#
#....@...# #@#
** ### #.# * ,
,[.# #.# , ,,
*#.# #.# #.#
#.# ..#####.#
#.#
......#.####.#
*, *#........#
#.# *
###.######


You could see Joseph.

Vanquished Creatures
  A sky beast (D:6)
  2 ogres
  A bullfrog (D:6)
  2 scorpions
  3 howler monkeys (D:7)
  2 jellies
  An orc wizard (D:5)
  2 hounds (D:5)
  Crazy Yiuf (D:2)
  Jessica (D:2)
  4 worker ants
  A hound skeleton (D:4)
  A mummy (D:7)
  Robin (D:3)
  3 adders
  A white imp (D:7)
  2 oozes (D:3)
  An adder zombie (D:5)
  4 worms
  6 leopard geckos
  2 orcs
  4 ball pythons
  2 bat zombies (D:2)
  6 giant cockroaches
  14 goblins
  5 hobgoblins
  4 jackals
  6 quokkas
  7 bats
  4 frilled lizards
  2 hobgoblin zombies (D:7)
  A jackal zombie (D:5)
  12 kobolds
  A kobold zombie (D:7)
  A leopard gecko skeleton (D:6)
  An orc zombie (D:7)
  6 rats
  2 rat zombies (D:2)
120 creatures vanquished.

Notes
Turn   | Place    | Note
-------+----------+-------------------------------------------
     0 | D:1      | Irenicus the Deep Dwarf Earth Elementalist began the quest
                  | for the Orb.
     0 | D:1      | Reached XP level 1. HP: 15/15 MP: 3/3
    75 | D:1      | Reached skill level 2 in Spellcasting
   104 | D:1      | Reached XP level 2. HP: 20/22 MP: 1/5
   285 | D:1      | Learned a level 2 spell: Passwall
   581 | D:2      | Reached skill level 5 in Earth Magic
   581 | D:2      | Reached XP level 3. HP: 26/28 MP: 0/6
   619 | D:2      | Noticed Jessica
   629 | D:2      | Killed Jessica
   635 | D:2      | Found a faded altar of an unknown god.
   685 | D:2      | Reached skill level 6 in Earth Magic
   687 | D:2      | Reached XP level 4. HP: 32/36 MP: 2/7
   755 | D:2      | Found an ancient bone altar of Kikubaaqudgha.
   818 | D:2      | Learned a level 3 spell: Stone Arrow
   827 | D:2      | Found a runed translucent door.
   828 | D:2      | Noticed Crazy Yiuf
  1000 | D:2      | Killed Crazy Yiuf
  1048 | D:3      | Noticed Robin
  1052 | D:3      | Reached skill level 7 in Earth Magic
  1055 | D:3      | Killed Robin
  1060 | D:3      | Reached XP level 5. HP: 14/42 MP: 1/8
  1069 | D:3      | HP: 10/42 [goblin/+0 dagger[Robin] (1)]
  1080 | D:3      | HP: 7/42 [ooze (3)]
  1086 | D:3      | HP: 5/42 [ooze (2)]
  1107 | D:3      | Gained mutation: Scrolls take you a little longer to read.
                  | [potion of mutation]
  1107 | D:3      | Gained mutation: You have large cloven feet. [potion of
                  | mutation]
  1107 | D:3      | Gained mutation: You have a pair of small antennae on your
                  | head. [potion of mutation]
  1174 | D:3      | Found a blossoming altar of Fedhas.
  1485 | D:3      | Found a sparkling altar of Nemelex Xobeh.
  1486 | D:3      | Found an opulent altar of Gozag.
  1671 | D:4      | Found a stormy altar of Qazlal.
  1698 | D:4      | Noticed an ogre
  1703 | D:4      | Killed an ogre
  1703 | D:4      | Reached skill level 8 in Earth Magic
  1703 | D:4      | Reached XP level 6. HP: 6/49 MP: 5/9
  2048 | D:5      | Entered Level 5 of the Dungeon
  2074 | D:5      | Reached skill level 9 in Earth Magic
  2172 | D:5      | Found a shimmering blue altar of Sif Muna.
  2205 | D:5      | Reached skill level 10 in Earth Magic
  2219 | D:5      | Found a burning altar of Makhleb.
  2220 | D:5      | HP: 12/49 [hound (1)]
  2222 | D:5      | Reached XP level 7. HP: 13/55 MP: 2/10
  2230 | D:5      | Became a worshipper of Makhleb the Destroyer
  2250 | D:5      | Noticed Edmund
  2723 | D:6      | HP: 8/55 [scorpion (5)]
  2725 | D:6      | Reached skill level 11 in Earth Magic
  2791 | D:6      | Found a staircase to the Ecumenical Temple.
  2817 | Temple   | Entered the Ecumenical Temple
  3144 | D:7      | Reached skill level 12 in Earth Magic
  3157 | D:7      | Reached XP level 8. HP: 9/62 MP: 2/11
  3288 | D:7      | Noticed Joseph
  3288 | D:7      | Shot with a sling bullet by Joseph

Illustrated notes

Levels and vault maps discovered:
D:1:      mushboom_english_gardens, layout_basic, minmay_close_crescents
D:2:      layout_rooms, lemuel_zombie_altar_kikubaaqudgha,
          chequers_ecumenical_altar_simple, uniq_jessica,
          uniq_crazy_yiuf_cottage
D:3:      layout_basic, grunt_temple_overflow_opulence, fedhas_altar_2,
          uniq_robin
D:4:      wander_river, layout_rooms, grunt_qazlal_sundering, serial_forest,
          infiniplex_forest_clump_tiny, infiniplex_forest_clump_curved,
          infiniplex_forest_straight_3, infiniplex_forest_zigzag_2,
          infiniplex_forest_straight_2, infiniplex_forest_lined_2
D:5:      layout_loops_ring, makhleb_blood_cavern_becter, nrook_pool_corridor,
          tgw_sif, uniq_edmund
D:6:      layout_cave_pods, minmay_temple_entry_large_hall
D:7:      layout_loops_corners, minmay_mini_ossuary, uniq_duvessa, uniq_maggie,
          uniq_joseph
Temple:   nicolae_temple_elliptical

Skill      XL: |  1  2  3  4  5  6  7 |
---------------+----------------------+-----
Spellcasting   | 2 |  2.3
Earth Magic    | 5 6 7 8 10 12 | 12.2
Dodging        | |  2.1
Stealth        | |  2.4
Transmutations | |  0.8

Action                   |  1- 3 |  4- 6 |  7- 9 || total
-------------------------+-------+-------+-------++-------
Melee: Club              |     4 |       |       ||     4
       Dagger            |    22 |    69 |     2 ||    93
       Kick              |       |     7 |       ||     7
 Cast: Sandblast         |    37 |    58 |    38 ||   133
       Passwall          |     1 |    14 |    10 ||    25
       Stone Arrow       |       |     3 |       ||     3
  Use: Scroll            |       |     8 |     1 ||     9
       Potion            |       |     5 |       ||     5
 Stab: Sleeping          |     1 |     4 |       ||     5
Armor: Robe              |     2 |       |       ||     2
       Leather armour    |     9 |    22 |       ||    31
       Ring mail         |       |       |     3 ||     3
Dodge: Dodged            |    35 |    48 |     2 ||    85
Block: Other             |       |    22 |       ||    22
       Reflection        |       |     1 |       ||     1

Table legend: (Time is in decaauts)
 A = Elapsed time spent in this place.
 B = Non-inter-level travel time spent in this place.
 C = Inter-level travel time spent in this place.
 D = Time resting spent in this place.
 E = Time spent auto-exploring this place.
 F = Levels seen in this place.
 G = Mean time per level.
                   A        B        C        D        E       F      G
               +--------+--------+--------+--------+--------+-----+--------+
         Total |   3321 |   3321 |      0 |     28 |      0 |   8 |  415.1 |
       Dungeon |   3319 |   3319 |      0 |     28 |      0 |   7 |  474.1 |
        Temple |      1 |      1 |      0 |      0 |      0 |   1 |    1.0 |
               +--------+--------+--------+--------+--------+-----+--------+

Top non-repeatable levels by time:
     D:3: 558 daAuts
     D:2: 543 daAuts
     D:5: 505 daAuts
     D:1: 502 daAuts
     D:4: 477 daAuts
     D:6: 460 daAuts
     D:7: 270 daAuts
  Temple: 1 daAuts

Table legend:
 A = Kills in this place as a percentage of kills in entire the game.
 B = Kills by you in this place as a percentage of kills by you in the entire game.
 C = Kills by friends in this place as a percentage of kills by friends in the entire game.
 D = Other kills in this place as a percentage of other kills in the entire game.
 E = Experience gained in this place as a percentage of experience gained in the entire game.
 F = Experience gained in this place divided by the number of levels of this place that you have seen.
                   A       B       C       D       E      F
               +-------+-------+-------+-------+-------+----------------------
         Total | 100.0 | 100.0 |   N/A |   N/A | 100.0 | 183.1
       Dungeon | 100.0 | 100.0 |   N/A |   N/A | 100.0 | 209.3
               +-------+-------+-------+-------+-------+----------------------
